 Dungeon Crawl Stone Soup version 0.23-a0-650-ga4d50d4 (webtiles) character file.

98 Borgoz the Ducker (level 4, -1/23 HPs)
             Began as a Spriggan Gladiator on Jan 3, 2019.
             Slain by an adder (4 damage)
             ... on level 2 of the Dungeon.
             The game lasted 00:02:52 (1929 turns).

Borgoz the Ducker (Spriggan Gladiator)              Turns: 1929, Time: 00:02:53

Health: -1/23      AC:  2    Str: 10    XL:     4   Next: 43%
Magic:  5/5        EV: 21    Int:  9    God:
Gold:   105        SH:  0    Dex: 18    Spells: 3/3 levels left

rFire    . . .     SeeInvis +   a - +0 rapier
rCold    . . .     Gourm    .   (shield restricted)
rNeg     . . .     Faith    .   b - +0 robe
rPois    .         Spirit   .   c - +0 hat
rElec    .         Reflect  .   (no cloak)
rCorr    .         Harm     .   (gloves unavailable)
MR       .....                  (boots unavailable)
Stlth    +++.......             (no amulet)
HPRegen  0.07/turn              (no ring)
MPRegen  0.09/turn              (no ring)

@: lethally poisoned (-1 -> -6), very quick
A: very small, unfitting armour, see invisible, herbivore, speed 3, slow
metabolism 2
a: no special abilities


You were on level 2 of the Dungeon.
You were not hungry.

You visited 1 branch of the dungeon, and saw 2 of its levels.

You collected 105 gold pieces.

Inventory:

Hand Weapons
 a - a +0 rapier (weapon)
Missiles
 d - 3 throwing nets (quivered)
Armour
 b - a +0 robe (worn)
 c - a +0 hat (worn)
Scrolls
 e - a scroll of fear {unknown}
 g - 4 scrolls of identify {unknown}
 j - a scroll of blinking {unknown}
 k - a scroll of magic mapping {unknown}
 l - a scroll of teleportation {unknown}
 m - a scroll of fog {unknown}
Potions
 h - 2 potions of curing {unknown}
 i - a potion of flight {unknown}
 n - a potion of brilliance {unknown}
Comestibles
 f - 2 rations


   Skills:
 + Level 2.3 Fighting
 + Level 4.0 Short Blades
 - Level 2.0 Throwing
 + Level 5.3 Dodging
 + Level 3.2 Stealth


You had 3 spell levels left.
You didn't know any spells.
Your spell library was empty.

Dungeon Overview and Level Annotations

Branches:
Dungeon (2/15)

Altars:
Ru
Vehumet
Yredelemnul


Innate Abilities, Weirdness & Mutations

You are very small and have problems with some larger weapons.
You are too small for most types of armour.
You have supernaturally acute eyesight. (SInv)
You are a herbivore.
You cover ground extremely quickly.
You need to consume almost no food.


Message History

* * * LOW HITPOINT WARNING * * *
You closely miss the adder.
The adder is moderately wounded.
* * * LOW HITPOINT WARNING * * *
You feel sick. The adder misses you.
You hit the adder but do no damage.
The adder is moderately wounded.
The adder completely misses you.
You barely miss the adder.
The adder is moderately wounded.
* * * LOW HITPOINT WARNING * * *
You feel sick. The adder closely misses you. The adder misses you.
You closely miss the adder.
The adder is moderately wounded.
The adder barely misses you.
You barely miss the adder.
The adder is moderately wounded.
* * * LOW HITPOINT WARNING * * *
You feel sick. The adder bites you.
You die...

.....#### .....+..# .....##.#
.....##.#### # .....##.†..# .#
##+##...##.# ..# # ##.##....(.#
...# # ...##....#########.%..##
### # ..<.............@S....._
..# # #####....#########....##
#.# # #####....# ...# #.# #
.........# ..# ##.### .#######.#
## #.....
.#######.###################.....
.................................
####.###.########..............#.
# #.# #.# #..............##


You could see an adder.

Vanquished Creatures
  5 adders
  3 worms
  A dart slug (D:1)
  A giant cockroach (D:1)
  7 goblins
  5 hobgoblins
  A ball python (D:2)
  7 bats
  3 frilled lizards
  10 kobolds
  3 rats
46 creatures vanquished.

Notes
Turn   | Place    | Note
-------+----------+-------------------------------------------
     0 | D:1      | Borgoz the Spriggan Gladiator began the quest for the Orb.
     0 | D:1      | Reached XP level 1. HP: 10/10 MP: 2/2
    46 | D:1      | Reached skill level 1 in Stealth
   270 | D:1      | Reached XP level 2. HP: 7/15 MP: 3/3
  1273 | D:2      | Reached XP level 3. HP: 16/18 MP: 4/4
  1355 | D:2      | Reached skill level 5 in Dodging
  1397 | D:2      | Found a sacrificial altar of Ru.
  1634 | D:1      | Reached XP level 4. HP: 22/23 MP: 5/5
  1777 | D:2      | Found a radiant altar of Vehumet.
  1918 | D:2      | Found a basalt altar of Yredelemnul.
  1929 | D:2      | Slain by an adder

Vault maps used:
D:1:      erik_arrival_cave_to_civilisation
D:2:      lemuel_round_altar, old_standard_altar, overflow_temple_1_default,
          hangedman_decor_slide_cut

Skill      XL: |  1  2  3  4 |
---------------+-------------+-----
Stealth        | 1 2 3 |  3.2
Fighting       | 2 |  2.3
Dodging        | 5 |  5.3
Short Blades   | 4 |  4.0
Throwing       | |  2.0

Action                   |  1- 3 |  4- 6 || total
-------------------------+-------+-------++-------
Melee: Rapier            |   103 |    52 ||   155
 Stab: Sleeping          |     5 |     1 ||     6
Armor: Robe              |     6 |     2 ||     8
Dodge: Dodged            |    83 |    44 ||   127

Table legend:
 A = Non-vault XP
 B = Vault XP
 C = Vault XP percentage of total XP
 D = Non-vault monster count
 E = Vault monster count
 F = Vault count percentage of total count
                 A         B        C        D         E       F
            +---------+---------+-------+---------+---------+-------
      Total |     140 |       0 |   0.0 |      46 |       0 |   0.0
            +---------+---------+-------+---------+---------+-------
        D:1 |      54 |       0 |   0.0 |      24 |       0 |   0.0
        D:2 |      86 |       0 |   0.0 |      22 |       0 |   0.0
            +---------+---------+-------+---------+---------+-------
